 Seeded DCSS version 0.28.0-62-gf88900778d (webtiles) character file.

Game seed: 15009724401348748203 (custom seed)

109 cbfl8 the Skirmisher (level 4, 0/52 HPs)
             Began as a Demonspawn Fighter on Mar 22, 2024.
             Succumbed to Robin's poison
             ... on level 2 of the Dungeon.
             The game lasted 00:01:51 (2137 turns).

cbfl8 the Skirmisher (Demonspawn Fighter)           Turns: 2137, Time: 00:01:51

Health: 0/52       AC: 22    Str: 22    XL:     4   Next: 59%
Magic:  4/4        EV:  2    Int: 10    God:
Gold:   58         SH: 10    Dex: 14    Spells: 3/3 levels left

rFire   x . .      SeeInvis .   a - +0 war axe
rCold   + . .      Faith    .   c - +0 buckler
rNeg    . . .      Spirit   .   (armour currently unavailable)
rPois   +          Reflect  +   (helmet currently unavailable)
rElec   .          Harm     .   (cloak currently unavailable)
rCorr   .          Rampage  .   (gloves currently unavailable)
Will    .....      NoTele   +   (boots currently unavailable)
Stlth   +.........              f - amulet of reflection
HPRegen 0.17/turn               h - ring of ice
MPRegen 0.18/turn               g - +6 ring of strength

@: lethally poisoned (0 -> -6), tree-form
A: stationary, stasis, torment immunity, boosted hp, (horns 1), magic
regeneration
a: no special abilities


You were on level 2 of the Dungeon.
You were a tree.
You visited 1 branch of the dungeon, and saw 3 of its levels.

You collected 58 gold pieces.

Inventory:

Hand Weapons
 a - a +0 war axe (weapon)
Armour
 c - a +0 buckler (worn)
 k - a +0 chain mail (melded)
Jewellery
 f - an amulet of reflection (around neck)
 g - a +6 ring of strength (right branch)
 h - a ring of ice (left branch)
Scrolls
 j - a scroll of enchant armour {unknown}
Potions
 d - a potion of might


   Skills:
 + Level 3.4 Fighting
 + Level 2.7 Axes
 + Level 3.2 Armour
 + Level 3.0 Shields
 * Level 1.9 Evocations


You had 3 spell levels left.
You didn't know any spells.
Your spell library was empty.

Dungeon Overview and Level Annotations

Branches:
Dungeon (3/15)

Altars:

Annotations:
D:2 Robin


Innate Abilities, Weirdness & Mutations

You are a tree.
Your roots penetrate the ground, keeping you stationary.
You cannot be teleported.
You are immune to unholy pain and torment.
Your maximum health is greatly increased.
Your equipment is partially melded.
((You have a pair of small horns on your head.))
You regenerate magic rapidly.


Message History

Robin is lightly wounded.
You feel very sick. Robin hits you but does no damage.
You hit Robin.
Robin is moderately wounded.
You feel sick. You block Robin's attack.
You closely miss Robin. Your headbutt misses Robin.
Robin is moderately wounded.
You feel sick.
Robin hits you with a +0 spear of venom.
You are more poisoned.
Robin laughs in a distinctly smug fashion.
Robin hits you but does no damage.
You are lethally poisoned!
It was a potion of lignification.
You turn into a tree.
Your +0 chain mail melds into your body.
Your roots penetrate the ground.
* * * LOW HITPOINT WARNING * * *
You feel very sick. Robin barely misses you.
You hit Robin.
Robin is severely wounded.
* * * LOW HITPOINT WARNING * * *
You feel very sick. You block Robin's attack.
You hit Robin.
Robin is almost dead.
* * * LOW HITPOINT WARNING * * *
You feel very sick. You block Robin's attack.
You barely miss Robin.
Robin is almost dead.
* * * LOW HITPOINT WARNING * * *
You feel very sick.
Robin hits you with a +0 spear of venom.
* * * LOW HITPOINT WARNING * * *
Robin hits you but does no damage.
You barely miss Robin.
Robin is almost dead.
You die...

#..# #..#
#####..# #......#
#.###.## #...#...
# .#####)####.#
#........)...####
#######))♣.......
....'..g.......
#####..........
#..........
#..........
#..........
#..........
#..........


You could see Robin.

Vanquished Creatures
  Jessica (D:2)
  2 adders (D:3)
  A worm (D:3)
  4 orcs (D:3)
  3 endoplasms
  2 giant cockroaches
  15 goblins
  3 hobgoblins
  4 jackals (D:2)
  3 kobolds
  3 quokkas
  2 ball pythons
  2 bats
  3 frilled lizards
  3 rats
51 creatures vanquished.

Vanquished Creatures (others)
  4 plants (D:1)
4 creatures vanquished.

Grand Total: 55 creatures vanquished

Notes
Turn   | Place    | Note
-------+----------+-------------------------------------------
     0 | D:1      | cbfl8 the Demonspawn Fighter began the quest for the Orb.
     0 | D:1      | Reached XP level 1. HP: 18/18 MP: 1/1
   463 | D:1      | Gained mutation: You regenerate magic rapidly. [demonic
                  | ancestry]
   463 | D:1      | Reached XP level 2. HP: 21/24 MP: 2/2
  1028 | D:2      | Noticed Jessica
  1036 | D:2      | Killed Jessica
  1037 | D:2      | Reached skill level 1 in Evocations
  1037 | D:2      | Gained mutation: You have a pair of small horns on your
                  | head. [demonic ancestry]
  1037 | D:2      | Reached XP level 3. HP: 23/29 MP: 3/3
  1763 | D:3      | Reached XP level 4. HP: 24/35 MP: 4/4
  2118 | D:2      | Noticed Robin
  2136 | D:2      | HP: 2/52 [Robin/+0 spear of venom (2)]
  2137 | D:2      | Succumbed to Robin's poison

Illustrated notes

Levels and vault maps discovered:
D:1:      dpeg_arrival_connections, layout_basic, serial_bayou_pond_b,
          solitary_fountain
D:2:      layout_basic, dreamdust_ecumenical_altar_statues, uniq_jessica,
          uniq_robin
D:3:      layout_loops_corners, minmay_misc_feat_chi, chequers_avenue,
          hangedman_decor_lopped, minivault_11, dk_noncrumbling_3, st_stairs_14,
          kennysheep_cross_bottleneck

Skill      XL: |  1  2  3 |
---------------+----------+-----
Axes           | 2 |  2.7
Armour         | 3 |  3.2
Evocations     | 1 |  1.9
Shields        | 3 |  3.0
Fighting       | |  3.4

Action                   |  1- 3 |  4- 6 || total
-------------------------+-------+-------++-------
Melee: War axe           |    79 |    33 ||   112
       Headbutt          |     5 |     3 ||     8
  Use: Scroll            |     1 |       ||     1
       Potion            |       |     2 ||     2
Armor: Scale mail        |    40 |       ||    40
       Chain mail        |       |    14 ||    14
       Skin              |       |     1 ||     1
Dodge: Dodged            |    29 |    11 ||    40
Block: Buckler           |    40 |    28 ||    68
       Reflection        |     1 |     2 ||     3
